 Dungeon Crawl Stone Soup version 0.30-a0-760-g5a9884bb7c (webtiles) character file.

Game seed: 4965225781279673359

100 cheesebisquit the Ruffian (level 4, 45/45 HPs)
             Began as a Troll Berserker on Feb 11, 2023.
             Was a Believer of Trog.
             Quit the game on level 3 of the Dungeon.
             The game lasted 00:04:34 (1570 turns).

cheesebisquit the Ruffian (Troll Berserker)         Turns: 1570, Time: 00:04:35

Health: 45/45      AC:  4    Str: 33    XL:     4   Next: 46%
Magic:  3/3        EV: 10    Int:  3    God:    Trog [**....]
Gold:   173        SH:  0    Dex:  9    Spells: 3/3 levels left

rFire   . . .      SeeInvis .      - Unarmed
rCold   . . .      Faith    .    (no shield)
rNeg    . . .      Spirit   .    a - +0 animal skin
rPois   .          Reflect  .    (helmet restricted)
rElec   .          Harm     .    (no cloak)
rCorr   .          Rampage  .    (gloves unavailable)
Will    .....                    (boots unavailable)
Stlth   +                        (no amulet)
HPRegen 1.07/turn                k - +6 ring of strength
MPRegen 0.08/turn                (no ring)

@: no status effects
A: large, unfitting armour, claws 3, regeneration 1, shaggy fur 1, tough skin 1
a: Renounce Religion, Berserk, Trog's Hand


You were on level 3 of the Dungeon.
You worshipped Trog.
Trog was pleased with you.
You visited 1 branch of the dungeon, and saw 3 of its levels.

You collected 173 gold pieces.

Inventory:

Missiles
 j - 12 poisoned darts (quivered)
 l - a throwing net
 m - 2 atropa-tipped darts
Armour
 a - a +0 animal skin (worn)
Jewellery
 k - a +6 ring of strength (left claw)
 o - a ring of resist corrosion
Scrolls
 b - 3 scrolls of enchant armour {unknown}
 d - 2 scrolls of immolation {unknown}
 f - a scroll of vulnerability {unknown}
 h - 2 scrolls of identify {unknown}
 i - a scroll of fog {unknown}
 n - a scroll of enchant weapon {unknown}
Potions
 c - 3 potions of curing {unknown}
 e - a potion of heal wounds {unknown}
 g - a potion of invisibility {unknown}


   Skills:
 + Level 3.1 Fighting
 - Level 2.4 Dodging
 * Level 4.7 Unarmed Combat


You had 3 spell levels left.
You didn't know any spells.
Your spell library was empty.

Dungeon Overview and Level Annotations

Branches:
Dungeon (3/15)

Altars:
Makhleb


Innate Abilities, Weirdness & Mutations

You are too large for most types of armour.
You have claws for hands.
Your natural rate of healing is unusually fast.
You are covered in fur. (AC +1)
You have tough skin. (AC +1)


Message History

Found a robe.
The kobold shouts!
The kobold hits you with a +0 dagger.
You barely miss the kobold. The kobold closely misses you.
You scratch the kobold.
The kobold is severely wounded.
The kobold hits you with a +0 dagger. The giant cockroach closely misses you.
You scratch the kobold.
You kill the kobold!
Trog accepts your kill. The giant cockroach barely misses you.
You closely miss the giant cockroach.
The giant cockroach bites you but does no damage.
You barely miss the giant cockroach. The giant cockroach bites you.
You claw the giant cockroach!
You kill the giant cockroach!
Trog accepts your kill.
No target in view!
You see here a giant cockroach corpse.
n - a scroll labelled TORYTH FAAFASO You see here a +0 hand axe.
You see here a +0 hand axe.
You see here a giant cockroach corpse.
You see here a +0 dagger.
Found a stone staircase leading down.
Found a stone staircase leading up.
You now have 173 gold pieces (gained 6).
There is a stone staircase leading down here.
Found 7 stones.
Found a burning altar of Makhleb.
A bat comes into view.
A bat is nearby!
The bat hits you but does no damage.
You claw the bat!
You kill the bat!
Trog accepts your kill.
No target in view!
You see here 7 stones.
o - a ring of resist corrosion Are you sure you want to abandon this character and quit the game? (Confirm with "yes".)

###########
..........#########
#########.#........
###### #.#.#######
......###........<#
......#.>...#####.#
......#.###...#.@.#
......#.# #.#.#.#.# #
......#.###.#.#.###.#
......#.....#.#...#.#
......####..#.###...#
..............(.....#
......####.PPPPPPP..#
....................#
##########.P.PPP.P..#


There were no monsters in sight!

Vanquished Creatures
  4 gnolls (D:2)
  2 adders (D:2)
  3 dart slugs
  2 endoplasms (D:1)
  2 giant cockroaches
  4 goblins
  6 hobgoblins
  2 jackals (D:1)
  A quokka (D:1)
  4 ball pythons
  3 bats
  5 kobolds
  A rat (D:1)
39 creatures vanquished.

Notes
Turn   | Place    | Note
-------+----------+-------------------------------------------
     0 | D:1      | cheesebisquit the Troll Berserker began the quest for the
                  | Orb.
     0 | D:1      | Reached XP level 1. HP: 22/22 MP: 0/0
    84 | D:1      | Reached XP level 2. HP: 28/29 MP: 1/1
   693 | D:1      | Found a faded altar of an unknown god.
   757 | D:1      | Reached XP level 3. HP: 36/36 MP: 2/2
   804 | D:2      | Reached skill level 4 in Unarmed Combat
   954 | D:2      | Reached ** piety under Trog
   957 | D:2      | Reached XP level 4. HP: 24/45 MP: 3/3
  1551 | D:3      | Found a burning altar of Makhleb.
  1570 | D:3      | Quit the game

Illustrated notes

Levels and vault maps discovered:
D:1:      roderic_chinese_lattice_arrival, layout_basic,
          chequers_ecumenical_altar_grove
D:2:      layout_loops_cross
D:3:      layout_basic, mainiacjoe_overflow_cross_hatched, uniq_ijyb

Skill      XL: |  1  2  3 |
---------------+----------+-----
Unarmed Combat | 4 |  4.7
Fighting       | 3 |  3.1
Dodging        | |  2.4

Action                     |  1- 3 |  4- 6 || total
---------------------------+-------+-------++-------
  Melee: Unarmed           |    56 |    36 ||    92
         Punch             |     1 |       ||     1
   Stab: Sleeping          |       |     1 ||     1
 Armour: Animal skin       |    17 |    14 ||    31
  Dodge: Dodged            |    26 |    12 ||    38

Table legend: (Time is in decaauts)
 A = Elapsed time spent in this place.
 B = Non-inter-level travel time spent in this place.
 C = Inter-level travel time spent in this place.
 D = Time resting spent in this place.
 E = Time spent auto-exploring this place.
 F = Levels seen in this place.
 G = Mean time per level.
                   A        B        C        D        E       F      G
               +--------+--------+--------+--------+--------+-----+--------+
         Total |   1562 |   1522 |     40 |      0 |   1269 |   3 |  520.7 |
       Dungeon |   1562 |   1522 |     40 |      0 |   1269 |   3 |  520.7 |
               +--------+--------+--------+--------+--------+-----+--------+

Top non-repeatable levels by time:
     D:1: 780 daAuts
     D:2: 640 daAuts
     D:3: 141 daAuts
